Map: Temple gelé

Players

zidar - Winner!

  • Race: Zerg Zerg
  • League: Platinum
  • Spawn Location: 5:00

Ender

  • Race: Protoss Protoss
  • League: Gold
  • Spawn Location: 11:00

VOD

Have the link to the VOD?

Description

Time

  • Played on: Oct. 19, 2016, 3:11 p.m.
  • Length: 5:32
Show
View Real Time Build Order
Export as new Build Order

zidar Zerg - Winner!

Build Orders: Hatch First 

Get SALT Encoding   

  12  0:01  Drone  
  13  0:12  Overlord  
  13  0:17  Drone  
  14  0:31  Drone x2  
  16  0:52  Hatchery  
  16  0:54  Drone  
  16  0:59  Extractor  
  16  1:00  Drone  
  16  1:17  Spawning Pool  
  15  1:22  Drone  
  16  1:43  Drone x3  
  18  2:03  Metabolic Boost  
  18  2:04  Queen  
  20  2:10  Queen  
  22  2:18  Drone  
  22  2:19  Drone  
  24  2:24  Overlord  
  24  2:55  Zergling x12  
  30  3:12  Roach Warren  
  29  3:22  Zergling x14  
  36  3:36  Overlord  
  36  3:37  Overlord x2  
  36  3:58  Zergling x2  
  36  3:59  Zergling x10  
  40  4:31  Roach  
  40  4:32  Roach x6  
Show
View Real Time Build Order
Export as new Build Order

Ender Protoss 

Build Orders:  

Get SALT Encoding   

  12  0:13  Probe (Chrono Boost), Pylon  
  13  0:23  Probe (Chrono Boost)  
  14  0:35  Gateway  
  14  0:36  Probe (Chrono Boost)  
  15  0:46  Probe (Chrono Boost)  
  15  0:47  Assimilator  
  16  0:57  Probe (Chrono Boost)  
  16  1:03  Pylon  
  17  1:12  Gateway  
  17  1:15  Probe (Chrono Boost)  
  19  1:25  Probe (Chrono Boost)  
  19  1:27  Zealot  
  21  1:36  Probe (Chrono Boost)  
  22  1:44  Cybernetics Core  
  22  1:56  Gateway  
  22  1:58  Zealot  
  24  2:12  Assimilator  
  24  2:16  Zealot  
  26  2:24  Mothership Core (Chrono Boost)  
  26  2:29  Zealot  
  30  2:43  Forge  
  30  2:51  Probe (Chrono Boost)  
  31  3:04  Pylon  
  31  3:22  Zealot, Stalker x2  
  31  3:23  Warp Gate  
  37  3:31  Pylon  
  37  3:38  Pylon  
  37  3:49  Zealot  
  37  3:50  Twilight Council  
  39  4:27  Nexus  
  39  4:33  Pylon  
  39  4:35  Adept  
  39  4:36  Adept  
  27  4:54  Adept  
  29  5:03  Adept  
Tags
 
Add a new tag
Caveats
  • Supply blocks, unpowered buildings, or Contaminate may cause inaccurate times.
  • Supply counts are checked every 10 seconds.